General information
- name: BNet
- type: Ladder team game (AT/RT)
- host: Battle.net
- saver: TEMPLAR_ROD
map: GolemsInTheMist
- players: 8
- length: 42:37
- speed: Fast
- version: 1.26 W3XP
- replay type: Public
» download(257 KB)
Players
team 1 (winner)

»
bfd (
purple | 57 APM | 2263 actions | 39:45)
6 Crypt Lord
2 Impale
3 Spiked Carapace
1 Locust Swarm
5 Death Knight
3 Death Coil
2 Unholy Aura
5 Lich
3 Frost Nova
2 Frost Armor
» actions
| Assign group hotkey | 59 | |
| Basic commands | 1 | |
| Build / train | 76 | |
| ESC pressed | 4 | |
| Enter build submenu | 22 | |
| Enter hero's abilities submenu | 17 | |
| Give item / drop item | 5 | |
| Right click | 849 | |
| Select / deselect | 707 | |
| Select group hotkey | 376 | |
| Use ability | 147 | |
2263 total
» units
| Acolyte | 3 | |
| Ghoul | 2 | |
| Crypt Fiend | 11 | |
| Goblin Zeppelin | 1 | |
| Obsidian Statue | 5 | |
| Abomination | 5 | |
27 total
» upgrades
| Burrow | 1 | |
| Web | 1 | |
| Destroyer Form | 1 | |
| Unholy Strength | 3 | |
| Creature Attack | 2 | |
| Unholy Armor | 1 | |
9 total
» buildings
| Crypt | 1 | |
| Graveyard | 2 | |
| Ziggurat | 7 | |
| Altar of Darkness | 3 | |
| Tomb of Relics | 1 | |
| Nerubian Tower | 1 | |
| Halls of the Dead | 3 | |
| Black Citadel | 1 | |
| Slaughterhouse | 2 | |
| Sacrificial Pit | 1 | |
| Necropolis | 1 | |
23 total
» build order
00:21 Crypt
00:27 Graveyard
00:31 Graveyard
00:38 Ziggurat
01:00 Altar of Darkness
01:06 Altar of Darkness
01:16 Ziggurat
01:55 Tomb of Relics
02:04 Nerubian Tower
04:00 Halls of the Dead
04:01 Halls of the Dead
04:46 Ziggurat
05:43 Ziggurat
06:33 Black Citadel
07:09 Slaughterhouse
11:49 Sacrificial Pit
12:36 Ziggurat
13:11 Ziggurat
13:13 Ziggurat
18:15 Slaughterhouse
22:40 Necropolis
32:06 Altar of Darkness
» items
| Rod of Necromancy | 3 | |
| Orb of Corruption | 3 | |
| Scroll of Town Portal | 6 | |
| Dust of Appearance | 3 | |
15 total

»
I.CreeP.NooBs (
teal | 61 APM | 775 actions | 12:48)
2 Archmage
1 Summon Water Elemental
1 Brilliance Aura
1 Mountain King
1 Storm Bolt
» actions
| Assign group hotkey | 20 | |
| Build / train | 44 | |
| ESC pressed | 5 | |
| Enter build submenu | 25 | |
| Enter hero's abilities submenu | 3 | |
| Right click | 276 | |
| Select / deselect | 180 | |
| Select group hotkey | 162 | |
| Use ability | 60 | |
775 total
» units
» upgrades
» buildings
| Altar of Kings | 1 | |
| Farm | 6 | |
| Barracks | 1 | |
| Town Hall | 1 | |
| Lumber Mill | 1 | |
| Keep | 1 | |
| Scout Tower | 9 | |
| Arcane Tower | 3 | |
| Blacksmith | 1 | |
| Castle | 2 | |
| Guard Tower | 1 | |
| Gryphon Aviary | 2 | |
| Arcane Vault | 1 | |
30 total
» build order
00:16 Altar of Kings
00:28 Farm
01:10 Barracks
01:21 Farm
02:18 Farm
03:20 Town Hall
03:50 Farm
04:45 Lumber Mill
04:57 Keep
05:12 Scout Tower
05:49 Arcane Tower
05:50 Scout Tower
06:06 Scout Tower
06:38 Blacksmith
06:42 Scout Tower
06:45 Scout Tower
06:59 Scout Tower
07:21 Castle
07:22 Castle
07:31 Arcane Tower
07:36 Guard Tower
07:41 Scout Tower
08:18 Gryphon Aviary
08:21 Arcane Vault
08:32 Gryphon Aviary
08:40 Scout Tower
08:44 Scout Tower
08:50 Farm
08:51 Farm
10:43 Arcane Tower
TEMPLAR_ROD (
pink | 77 APM | 3267 actions | 42:37)
9 Mountain King
3 Storm Bolt
3 Thunder Clap
1 Avatar
2 Bash
» actions
| Assign group hotkey | 44 | |
| Basic commands | 138 | |
| Build / train | 195 | |
| ESC pressed | 13 | |
| Enter build submenu | 56 | |
| Enter hero's abilities submenu | 9 | |
| Give item / drop item | 2 | |
| Right click | 1212 | |
| Select / deselect | 445 | |
| Select group hotkey | 887 | |
| Use ability | 266 | |
3267 total
» units
| Peasant | 14 | |
| Footman | 8 | |
| Goblin Shredder | 3 | |
| Goblin Zeppelin | 11 | |
| Gryphon Rider | 6 | |
| Siege Engine | 3 | |
| Mortar Team | 4 | |
| Rifleman | 4 | |
53 total
» upgrades
| Masonry | 3 | |
| Swords | 3 | |
| Animal War Training | 1 | |
| Armor | 3 | |
| Storm Hammers | 1 | |
| Cloud | 1 | |
| Lumber Harvesting | 2 | |
| Plating | 3 | |
| Gunpowder | 3 | |
| Fragmentation Shards | 1 | |
| Flare | 1 | |
| Barrage | 1 | |
| Backpack | 1 | |
24 total
» buildings
| Altar of Kings | 1 | |
| Barracks | 1 | |
| Farm | 10 | |
| Arcane Vault | 1 | |
| Keep | 1 | |
| Town Hall | 5 | |
| Scout Tower | 35 | |
| Lumber Mill | 1 | |
| Guard Tower | 51 | |
| Castle | 4 | |
| Blacksmith | 1 | |
| Gryphon Aviary | 4 | |
| Workshop | 4 | |
| Cannon Tower | 2 | |
| Arcane Tower | 2 | |
123 total
» build order
00:53 Altar of Kings
00:54 Barracks
00:55 Farm
01:04 Farm
01:08 Farm
02:14 Arcane Vault
02:16 Farm
03:25 Keep
04:22 Farm
05:09 Town Hall
05:11 Scout Tower
05:13 Scout Tower
05:14 Scout Tower
05:15 Scout Tower
05:21 Lumber Mill
05:44 Scout Tower
05:45 Scout Tower
05:48 Scout Tower
05:49 Scout Tower
06:06 Guard Tower
06:06 Guard Tower
06:06 Guard Tower
06:31 Guard Tower
06:32 Guard Tower
07:21 Guard Tower
07:22 Guard Tower
07:25 Castle
07:26 Castle
07:26 Castle
08:53 Blacksmith
09:05 Scout Tower
09:06 Scout Tower
09:25 Gryphon Aviary
09:27 Gryphon Aviary
10:53 Guard Tower
10:53 Guard Tower
10:53 Guard Tower
11:26 Scout Tower
11:26 Scout Tower
12:12 Guard Tower
12:12 Guard Tower
12:22 Scout Tower
12:23 Scout Tower
12:24 Scout Tower
13:16 Guard Tower
13:16 Guard Tower
13:16 Guard Tower
13:17 Guard Tower
13:17 Guard Tower
13:30 Town Hall
13:32 Scout Tower
13:33 Scout Tower
14:07 Town Hall
14:26 Guard Tower
14:26 Guard Tower
14:26 Guard Tower
14:26 Guard Tower
14:27 Scout Tower
14:28 Scout Tower
14:30 Scout Tower
14:31 Scout Tower
14:32 Scout Tower
14:33 Scout Tower
14:36 Scout Tower
14:37 Scout Tower
14:56 Guard Tower
14:56 Guard Tower
14:57 Guard Tower
15:20 Guard Tower
15:20 Guard Tower
15:20 Guard Tower
15:22 Guard Tower
15:22 Guard Tower
15:22 Guard Tower
15:56 Farm
15:57 Farm
15:58 Farm
15:59 Farm
16:00 Farm
17:37 Guard Tower
17:38 Guard Tower
18:01 Gryphon Aviary
18:04 Gryphon Aviary
19:50 Guard Tower
22:23 Town Hall
22:26 Scout Tower
22:28 Scout Tower
22:29 Scout Tower
22:30 Scout Tower
22:31 Scout Tower
22:33 Scout Tower
22:47 Scout Tower
22:50 Scout Tower
22:51 Scout Tower
22:53 Scout Tower
22:57 Guard Tower
22:57 Guard Tower
24:40 Guard Tower
25:06 Workshop
25:07 Workshop
25:13 Workshop
25:21 Workshop
28:23 Cannon Tower
28:25 Cannon Tower
28:26 Arcane Tower
28:27 Arcane Tower
33:27 Town Hall
» items
| Scroll of Regeneration | 6 | |
| Scroll of Town Portal | 4 | |
| Lesser Clarity Potion | 3 | |
| Staff of Sanctuary | 1 | |
| Orb of Fire | 1 | |
| Orb of Corruption | 1 | |
| Potion of Mana | 5 | |
| Potion of Healing | 2 | |
23 total
SHOGUN_JAKE (
yellow | 62 APM | 2652 actions | 42:31)
7 Crypt Lord
2 Carrion Beetles
3 Impale
1 Locust Swarm
1 Spiked Carapace
1 Death Knight
1 Death Coil
» actions
| Assign group hotkey | 73 | |
| Basic commands | 27 | |
| Build / train | 87 | |
| Enter build submenu | 21 | |
| Enter hero's abilities submenu | 8 | |
| Give item / drop item | 1 | |
| Remove unit from queue | 2 | |
| Right click | 1219 | |
| Select / deselect | 393 | |
| Select group hotkey | 724 | |
| Use ability | 97 | |
2652 total
» units
| Acolyte | 14 | |
| Ghoul | 8 | |
| Goblin Shredder | 2 | |
| Goblin Zeppelin | 1 | |
| Gargoyle | 17 | |
| Goblin Sapper | 3 | |
| Obsidian Statue | 1 | |
46 total
» upgrades
| Creature Attack | 3 | |
| Creature Carapace | 3 | |
| Burrow | 1 | |
| Stone Form | 1 | |
8 total
» buildings
| Graveyard | 1 | |
| Crypt | 4 | |
| Ziggurat | 12 | |
| Altar of Darkness | 1 | |
| Nerubian Tower | 2 | |
| Halls of the Dead | 1 | |
| Spirit Tower | 7 | |
| Tomb of Relics | 2 | |
| Necropolis | 2 | |
| Black Citadel | 1 | |
| Slaughterhouse | 1 | |
34 total
» build order
00:08 Graveyard
00:14 Crypt
00:42 Ziggurat
01:02 Altar of Darkness
02:55 Nerubian Tower
02:58 Ziggurat
05:31 Ziggurat
05:31 Ziggurat
05:32 Ziggurat
05:55 Halls of the Dead
06:21 Crypt
06:25 Crypt
06:28 Spirit Tower
06:29 Spirit Tower
06:32 Nerubian Tower
07:56 Tomb of Relics
11:00 Necropolis
12:50 Black Citadel
13:03 Ziggurat
13:04 Ziggurat
13:57 Spirit Tower
13:58 Spirit Tower
14:22 Ziggurat
14:23 Ziggurat
14:24 Ziggurat
15:21 Spirit Tower
17:59 Spirit Tower
18:03 Ziggurat
18:03 Ziggurat
20:13 Crypt
24:28 Tomb of Relics
26:00 Necropolis
37:22 Slaughterhouse
» items
| Scroll of Town Portal | 2 | |
| Rod of Necromancy | 1 | |
| Potion of Healing | 2 | |
| Scroll of Healing | 2 | |
| Orb of Corruption | 2 | |
| Potion of Mana | 1 | |
10 total
team 2 (loser)

»
Baskee (
green | 60 APM | 1554 actions | 25:46)
6 Keeper of the Grove
2 Entangling Roots
3 Thorns Aura
1 Tranquility
» actions
| Basic commands | 14 | |
| Build / train | 75 | |
| Enter build submenu | 17 | |
| Enter hero's abilities submenu | 6 | |
| Right click | 718 | |
| Select / deselect | 611 | |
| Use ability | 113 | |
1554 total
» units
| Wisp | 18 | |
| Huntress | 12 | |
| Mountain Giant | 2 | |
| Druid of the Talon | 12 | |
| Glaive Thrower | 1 | |
| Dryad | 4 | |
| Archer | 4 | |
53 total
» upgrades
| Strength of the Moon | 1 | |
| Moon Armor | 1 | |
| Reinforced Hides | 1 | |
| Hardened Skin | 1 | |
| Resistant Skin | 1 | |
| Upgrade Moon Glaive | 1 | |
| Abolish Magic | 1 | |
| Improved Bows | 1 | |
8 total
» buildings
| Altar of Elders | 1 | |
| Moon Well | 6 | |
| Hunter's Hall | 1 | |
| Ancient of War | 2 | |
| Tree of Ages | 1 | |
| Ancient of Wonders | 1 | |
| Ancient of Lore | 2 | |
| Ancient of Wind | 1 | |
| Tree of Eternity | 1 | |
| Tree of Life | 2 | |
18 total
» build order
01:09 Altar of Elders
01:12 Moon Well
01:18 Hunter's Hall
01:23 Ancient of War
02:03 Ancient of War
02:30 Moon Well
02:46 Moon Well
07:06 Tree of Ages
08:09 Moon Well
08:11 Ancient of Wonders
08:22 Moon Well
09:50 Ancient of Lore
09:53 Ancient of Wind
10:30 Tree of Eternity
11:30 Ancient of Lore
15:12 Moon Well
15:19 Tree of Life
20:31 Tree of Life
» items
| Healing Salve | 1 | |
| Lesser Clarity Potion | 1 | |
| Scroll of Town Portal | 2 | |
| Anti-magic Potion | 1 | |
5 total

»
Dark-Spirit (
red | 47 APM | 1978 actions | 41:55)
5 Blood Mage
3 Flame Strike
2 Siphon Mana
» actions
| Assign group hotkey | 4 | |
| Basic commands | 62 | |
| Build / train | 81 | |
| Enter build submenu | 35 | |
| Enter hero's abilities submenu | 5 | |
| Remove unit from queue | 1 | |
| Right click | 609 | |
| Select / deselect | 896 | |
| Select group hotkey | 217 | |
| Use ability | 68 | |
1978 total
» units
| Peasant | 20 | |
| Flying Machine | 18 | |
| Siege Engine | 3 | |
41 total
» upgrades
| Masonry | 3 | |
| Lumber Harvesting | 1 | |
| Flak Cannons | 1 | |
| Gunpowder | 3 | |
| Plating | 1 | |
| Barrage | 0 | |
9 total
» buildings
| Lumber Mill | 1 | |
| Farm | 7 | |
| Scout Tower | 12 | |
| Arcane Tower | 4 | |
| Guard Tower | 11 | |
| Keep | 1 | |
| Altar of Kings | 1 | |
| Blacksmith | 1 | |
| Castle | 3 | |
| Workshop | 2 | |
| Town Hall | 1 | |
44 total
» build order
00:11 Lumber Mill
00:17 Farm
00:53 Scout Tower
00:56 Scout Tower
01:20 Arcane Tower
01:22 Guard Tower
01:30 Scout Tower
01:42 Scout Tower
02:16 Arcane Tower
02:30 Farm
02:41 Guard Tower
03:00 Scout Tower
03:21 Guard Tower
03:23 Scout Tower
04:41 Scout Tower
04:42 Scout Tower
05:09 Guard Tower
05:09 Guard Tower
05:09 Guard Tower
05:11 Keep
05:25 Altar of Kings
05:33 Farm
06:35 Farm
06:42 Scout Tower
06:57 Guard Tower
06:57 Guard Tower
06:58 Scout Tower
07:00 Scout Tower
07:00 Scout Tower
07:28 Guard Tower
07:30 Guard Tower
07:30 Guard Tower
07:32 Arcane Tower
08:35 Farm
08:53 Blacksmith
09:27 Castle
09:27 Castle
09:28 Castle
11:56 Workshop
13:09 Workshop
13:17 Farm
13:21 Farm
24:16 Town Hall
Jaggta-Noga (
blue | 40 APM | 1687 actions | 42:31)
8 Blademaster
3 Wind Walk
3 Critical Strike
1 Bladestorm
1 Mirror Image
» actions
| Assign group hotkey | 27 | |
| Basic commands | 125 | |
| Build / train | 80 | |
| Enter build submenu | 43 | |
| Enter hero's abilities submenu | 8 | |
| Give item / drop item | 4 | |
| Right click | 720 | |
| Select / deselect | 332 | |
| Select group hotkey | 169 | |
| Use ability | 179 | |
1687 total
» units
| Peon | 10 | |
| Grunt | 4 | |
| Goblin Shredder | 2 | |
| Goblin Sapper | 7 | |
| Goblin Zeppelin | 4 | |
| Wind Rider | 8 | |
35 total
» upgrades
| Ranged Weapons | 3 | |
| Armor | 3 | |
| Reinforced Defenses | 1 | |
| Troll Regeneration | 1 | |
| Envenomed Spears | 1 | |
| Liquid Fire | 1 | |
| Pillage | 1 | |
| Spiked Barricades | 2 | |
13 total
» buildings
| Orc Burrow | 4 | |
| Altar of Storms | 1 | |
| Barracks | 1 | |
| Voodoo Lounge | 2 | |
| Stronghold | 2 | |
| War Mill | 1 | |
| Great Hall | 3 | |
| Watch Tower | 27 | |
| Fortress | 1 | |
| Spirit Lodge | 1 | |
| Beastiary | 4 | |
47 total
» build order
00:13 Orc Burrow
00:57 Altar of Storms
00:58 Barracks
01:11 Orc Burrow
01:50 Voodoo Lounge
02:51 Stronghold
02:51 Stronghold
03:42 Orc Burrow
04:26 Orc Burrow
04:51 War Mill
06:41 Great Hall
06:52 Watch Tower
06:53 Watch Tower
06:59 Watch Tower
07:00 Watch Tower
07:15 Watch Tower
07:17 Watch Tower
07:18 Watch Tower
08:25 Fortress
08:41 Spirit Lodge
11:55 Beastiary
11:55 Beastiary
11:56 Beastiary
12:02 Beastiary
14:25 Watch Tower
14:47 Watch Tower
14:47 Watch Tower
18:51 Watch Tower
18:53 Watch Tower
18:58 Watch Tower
18:59 Watch Tower
19:00 Watch Tower
19:01 Watch Tower
19:03 Watch Tower
20:25 Watch Tower
24:12 Great Hall
24:34 Great Hall
24:36 Watch Tower
24:37 Watch Tower
24:37 Watch Tower
24:39 Watch Tower
24:41 Watch Tower
24:41 Watch Tower
24:43 Watch Tower
24:43 Watch Tower
26:16 Voodoo Lounge
» items
| Healing Salve | 7 | |
| Lesser Clarity Potion | 4 | |
| Orb of Lightning | 1 | |
| Tiny Great Hall | 1 | |
| Scroll of Town Portal | 3 | |
| Potion of Healing | 4 | |
20 total

»
Dont_Be_A_F4G (
orange | 29 APM | 1197 actions | 41:29)
5 Demon Hunter
2 Mana Burn
3 Evasion
4 Keeper of the Grove
2 Entangling Roots
2 Thorns Aura
» actions
| Assign group hotkey | 31 | |
| Build / train | 64 | |
| Enter build submenu | 25 | |
| Enter hero's abilities submenu | 9 | |
| Remove unit from queue | 2 | |
| Right click | 374 | |
| Select / deselect | 302 | |
| Select group hotkey | 244 | |
| Use ability | 144 | |
1197 total
» units
| Wisp | 26 | |
| Huntress | 4 | |
| Dryad | 10 | |
| Druid of the Claw | 5 | |
45 total
» upgrades
| Druid of the Claw Training | 2 | |
| Abolish Magic | 1 | |
| Mark of the Claw | 1 | |
4 total
» buildings
| Altar of Elders | 1 | |
| Moon Well | 7 | |
| Hunter's Hall | 1 | |
| Ancient of War | 2 | |
| Tree of Ages | 1 | |
| Ancient of Lore | 4 | |
| Tree of Eternity | 1 | |
| Ancient of Wind | 1 | |
| Tree of Life | 1 | |
| Ancient Protector | 6 | |
25 total
» build order
00:07 Altar of Elders
00:11 Moon Well
01:25 Hunter's Hall
01:53 Ancient of War
02:04 Ancient of War
02:15 Moon Well
02:26 Moon Well
04:15 Tree of Ages
05:39 Moon Well
07:30 Ancient of Lore
07:35 Ancient of Lore
07:38 Ancient of Lore
11:51 Tree of Eternity
12:29 Ancient of Lore
13:32 Moon Well
13:35 Moon Well
14:30 Ancient of Wind
14:35 Moon Well
15:36 Tree of Life
21:33 Ancient Protector
21:35 Ancient Protector
21:42 Ancient Protector
21:45 Ancient Protector
22:40 Ancient Protector
22:58 Ancient Protector
Chat log
(00:05 / All) TEMPLAR_ROD: Nice name, yellow
(00:09 / All) TEMPLAR_ROD: It looks so similar to mine
(00:37 / All) SHOGUN_JAKE: wuts shogun japan rulers have to do with dragon age templars
(00:38 / All) Jaggta-Noga: favorite smashing pumpkins song?
(00:50 / All) TEMPLAR_ROD: KNIGHTS TEMPLAR!
(00:53 / All) Jaggta-Noga: it's you that I adore, you must always be my whore!
(01:33 / All) TEMPLAR_ROD: CLAD IN ARMOUR, STRONG OF WILL! EYE FOR AN EYE, KILL FOR A KILL!
(01:48 / All) TEMPLAR_ROD: CROSS AND HALF MOON IN TOTAL WAR, NO QUARTER GIVEN, LIFE EVENED THE SCORE!
(01:55 / All) TEMPLAR_ROD: MOVING INTO THE HOLY LAND, EMPIRES CLASHING IN DESERT SAND!
(02:05 / All) TEMPLAR_ROD: Pilgrims slaughtered by saracen band, saracens slaughtered by Christian hand
(02:29 / All) TEMPLAR_ROD: Templar Van Ruddervoorde in command, templar's grandmaster of the Flemish land
(02:43 / Allies) SHOGUN_JAKE: help me purp!
(02:48 / Allies) bfd: i know
(02:50 / All) TEMPLAR_ROD: Battling Saladin, knight of the moon, at the siege of Acre meeting his doom. Outnumbered he fell, in a far away land
(03:00 / All) Dont_Be_A_F4G: you are a bain to society
(03:04 / All) Baskee: u have any friends?
(03:09 / All) Baskee: besides yellow
(03:10 / All) TEMPLAR_ROD: Azure eyed and golden haired, forth the knights templar fared! While above troops devoted, heraldic banners floated
(03:23 / Allies) bfd: ...
(07:19 / Allies) I.CreeP.NooBs: tower
(09:12 / Allies) bfd: \tp
(11:00 / Allies) bfd: yellow what the hell?
(11:25 / All) Jaggta-Noga: series of unfortunate events for teal lawl
(11:32 / All) Baskee: lol
(11:41 / All) I.CreeP.NooBs: xD
(11:45 / All) Baskee: loser
(11:49 / All) I.CreeP.NooBs: yellow play alone
(11:53 / All) I.CreeP.NooBs: look
(11:56 / All) Baskee: shut up
(11:57 / All) Baskee: noob
(12:08 / All) I.CreeP.NooBs: fucking asshole
(13:21 / All) SHOGUN_JAKE: noobssssss
(13:25 / All) Dont_Be_A_F4G: HA
(13:37 / All) TEMPLAR_ROD: You lost
(13:42 / All) TEMPLAR_ROD: Warning you early
(13:45 / All) TEMPLAR_ROD: Leave now to spare the asspain
(19:33 / All) TEMPLAR_ROD: lol
(19:42 / All) TEMPLAR_ROD: Nice bm
(19:47 / Allies) TEMPLAR_ROD: tanks
(21:31 / Allies) TEMPLAR_ROD: That's mine
(21:34 / Allies) TEMPLAR_ROD: Cancel or I'll kill it myself
(21:38 / All) Baskee: ill say we lost this
(21:42 / All) Baskee: Since blues siding with u
(21:43 / All) TEMPLAR_ROD: I told you to get out
(21:44 / Allies) bfd: u serious?
(21:46 / Allies) TEMPLAR_ROD: Yes
(21:48 / Allies) TEMPLAR_ROD: Cancel it
(21:54 / Allies) TEMPLAR_ROD: ty
(21:57 / All) Jaggta-Noga: drama queens
(22:04 / Allies) bfd: we better win this or it s on u
(22:12 / Allies) TEMPLAR_ROD: We won don't worry
(22:14 / Allies) TEMPLAR_ROD: plus blue is a tker
(23:11 / Allies) SHOGUN_JAKE: tp purp?
(23:20 / Allies) TEMPLAR_ROD: Gonna snipe a hero
(24:04 / All) TEMPLAR_ROD: My MK is being a hero sniping god
(24:20 / All) SHOGUN_JAKE: i got level 6 from u noobs woo hoo
(24:25 / All) Baskee: lol
(24:29 / All) TEMPLAR_ROD: Almost 8 from the noobs
(24:29 / All) Baskee: blues a pussy
(24:30 / Allies) bfd: 6 5 5 here
(24:33 / All) Baskee: like his mom
(24:37 / All) Baskee: pink
(24:40 / All) Dont_Be_A_F4G: 13k gold means your good
(24:40 / All) SHOGUN_JAKE: its 3v3
(24:40 / All) Baskee: ur bad
(24:41 / All) Baskee: lmao
(24:42 / All) SHOGUN_JAKE: its fair
(24:49 / All) Baskee: how so?
(24:53 / All) TEMPLAR_ROD: I haven't gone over 50 food green
(24:55 / All) TEMPLAR_ROD: and am dominating you
(24:57 / All) Baskee: red had nothing
(24:58 / All) Jaggta-Noga: I bought a wallet that said "bad motherfucker" on it
(24:59 / All) SHOGUN_JAKE: 3v3 is fair
(25:01 / All) TEMPLAR_ROD: You are 119-115
(25:04 / All) Jaggta-Noga: green is confirming what I always knew
(25:05 / All) Baskee: lol
(25:07 / All) Baskee: pink u mad
(25:15 / All) Baskee: u have no stats
(25:17 / All) TEMPLAR_ROD: Quivering in fear at your U MAD meme
(25:26 / All) Baskee: aww
(25:26 / All) TEMPLAR_ROD: Better 0-0 than below 50%
(25:28 / All) Baskee: ur so cute
(25:33 / All) Baskee: lol okay
(25:39 / All) Baskee: 0%>50%
(25:41 / All) Baskee: very smar
(25:43 / All) Baskee: smart
(25:49 / All) TEMPLAR_ROD: He mad
(25:50 / All) TEMPLAR_ROD: He left
(26:02 / All) TEMPLAR_ROD: Waiting for your heroes, orange
(26:06 / All) TEMPLAR_ROD: Good luck
(26:10 / All) TEMPLAR_ROD: oh but then you do have moon wells
(26:12 / All) TEMPLAR_ROD: Fucking noob elf
(26:37 / All) TEMPLAR_ROD: canceled them lol
(26:43 / All) Dont_Be_A_F4G: damn straight
(27:04 / All) TEMPLAR_ROD: No more heroes to snipe?
(27:35 / All) Dont_Be_A_F4G: hey blue send me 7k and we will call it even
(27:40 / All) TEMPLAR_ROD: lol
(27:47 / All) Jaggta-Noga: Little bitch
(28:03 / Allies) TEMPLAR_ROD: gonna snipe orange's next hero
(28:44 / All) Dont_Be_A_F4G: blues got this
(28:56 / All) Dont_Be_A_F4G: 1v3
(29:10 / Allies) bfd: gold
(29:21 / All) TEMPLAR_ROD: Turn back orange
(29:22 / All) Dont_Be_A_F4G: ooooooooooooo
(29:24 / All) Dont_Be_A_F4G: pro
(29:27 / All) SHOGUN_JAKE: pro top
(29:31 / Allies) bfd: 100 more
(29:32 / All) Dont_Be_A_F4G: rofl
(29:35 / All) Dont_Be_A_F4G: that makes sense
(29:38 / Allies) bfd: 100 more plz
(29:46 / Allies) bfd: yellow
(29:54 / All) TEMPLAR_ROD: Fucking raped
(29:57 / Allies) SHOGUN_JAKE: yea purple?
(30:00 / All) Dont_Be_A_F4G: its not rape if you map hack
(30:04 / Allies) bfd: gold
(30:07 / All) TEMPLAR_ROD: Yes it is
(30:11 / Allies) bfd: thx
(30:17 / Allies) bfd: that s what i saved u for
(30:18 / All) Dont_Be_A_F4G: this game is over a decade old
(30:20 / All) Dont_Be_A_F4G: why bother cheating
(30:21 / All) SHOGUN_JAKE: lol
(30:28 / All) TEMPLAR_ROD: because it's over a decade old
(30:30 / All) SHOGUN_JAKE: everybody else does it
(30:31 / All) TEMPLAR_ROD: and I'm getting my last laffs
(30:39 / All) Dont_Be_A_F4G: who cares man just play
(30:47 / All) TEMPLAR_ROD: lol
(30:50 / All) TEMPLAR_ROD: another hero kill
(30:58 / All) TEMPLAR_ROD: we just using heroes
(31:03 / All) SHOGUN_JAKE: thats twice now, pinks bash has cancleed my would be hero kill impale
(31:18 / All) TEMPLAR_ROD: You and purp already taking my kills lawl
(31:21 / All) TEMPLAR_ROD: in big fights I got them all low
(31:25 / All) TEMPLAR_ROD: then you two took a couple kills
(31:39 / All) SHOGUN_JAKE: they fuckign killed my 3 sappers
(31:52 / All) TEMPLAR_ROD: Don't need it now that I sniped the heroes
(32:03 / All) Dont_Be_A_F4G: damn do you all hack or just pink
(32:12 / All) TEMPLAR_ROD: lol
(32:26 / All) SHOGUN_JAKE: keep wisp safe
(32:27 / All) TEMPLAR_ROD: Nice wisp
(32:31 / Allies) bfd: yellow gold
(32:33 / All) TEMPLAR_ROD: That is pro surround
(32:41 / Allies) bfd: ...
(32:52 / Allies) TEMPLAR_ROD: I was generous to you and you ddin't even thank me
(32:55 / Allies) TEMPLAR_ROD: not giving you any more pal
(32:57 / All) Dont_Be_A_F4G: nothing is pro while cheating
(32:58 / Allies) TEMPLAR_ROD: ungrateful prick
(33:00 / Allies) SHOGUN_JAKE: is purple stuck at my expo
(33:08 / All) Dont_Be_A_F4G: i do like that stone group though
(33:08 / All) TEMPLAR_ROD: I am
(33:09 / All) SHOGUN_JAKE: PURPS STUC AT MY EXPO LOL
(33:43 / All) TEMPLAR_ROD: peasant got it lol
(34:02 / All) TEMPLAR_ROD: Humiliating
(34:03 / All) SHOGUN_JAKE: wut happened to ojs wisp
(34:05 / All) TEMPLAR_ROD: Garg surround, peasant kill
(34:11 / All) SHOGUN_JAKE: wow
(34:14 / All) SHOGUN_JAKE: that was pro
(34:21 / All) SHOGUN_JAKE: peasant killed the wisp surrounded by gargs
(34:23 / All) SHOGUN_JAKE: that is a first
(34:24 / All) TEMPLAR_ROD: It was mostly all you though
(34:26 / All) TEMPLAR_ROD: yeah lawl
(34:34 / All) SHOGUN_JAKE: farewell
(34:39 / All) SHOGUN_JAKE: arak-arahm
(34:43 / All) Dont_Be_A_F4G: i can just hear the gags from you guys deep throating each other
(34:59 / All) SHOGUN_JAKE: aka oj?
(35:13 / All) TEMPLAR_ROD: A lot of WC3 players sure seem to have homosexual sex acts on the mind with how often they are used as insults
(35:18 / All) TEMPLAR_ROD: Sure says something about Battle.net
(35:35 / All) Dont_Be_A_F4G: i think the fact that you openly brag about map hacking says more about battle.net
(35:51 / All) TEMPLAR_ROD: It says a lot but nothing no one doesn't already know
(36:09 / All) Dont_Be_A_F4G: i mean i get that everyone knows it or does it
(36:13 / All) Dont_Be_A_F4G: i just don't get how it is fun
(36:19 / All) TEMPLAR_ROD: You can be really obvious
(36:23 / All) TEMPLAR_ROD: and do things like snipe those heroes
(36:25 / All) TEMPLAR_ROD: That was fun
(36:34 / All) Dont_Be_A_F4G: i guess man. i just don't get it.
(36:42 / All) TEMPLAR_ROD: People's reactions are kind of funny too
(36:46 / All) TEMPLAR_ROD: to obvious mhing
(36:54 / All) Dont_Be_A_F4G: i'm still trying to figure out if blue has down syndrome or not
(37:07 / All) Jaggta-Noga: why would you say that
(37:16 / All) Dont_Be_A_F4G: general retardism
(37:28 / Allies) TEMPLAR_ROD: hard working shredder
(37:42 / All) Dont_Be_A_F4G: its a feat in itself that your brain is made of pickles and you still manage to play this game though
(37:56 / All) SHOGUN_JAKE: aka oj?
(38:16 / Allies) TEMPLAR_ROD: lol
(38:18 / Allies) TEMPLAR_ROD: Nice
(38:23 / Allies) TEMPLAR_ROD: I'd try a peasant kill but blight would ruin it
(38:45 / Allies) bfd: wtf?
(38:50 / All) SHOGUN_JAKE: lol
(39:15 / All) TEMPLAR_ROD: Hopefully mortar splash won't kill the gargs
(39:43 / All) bfd: gg I won this hero level 6 6 6
(39:48 / All) TEMPLAR_ROD: Can let them regen now until the next kill
(39:49 / All) SHOGUN_JAKE: llol
(39:49 / All) TEMPLAR_ROD: ah no need now
(39:52 / All) Jaggta-Noga: lawl
(40:01 / All) SHOGUN_JAKE: "consolation" win
(40:04 / All) Dont_Be_A_F4G: alright time to send all of you packets
(40:08 / All) Dont_Be_A_F4G: gg I win ip sniffer
(40:16 / All) TEMPLAR_ROD: lol
(40:19 / All) SHOGUN_JAKE: im sorry
(40:21 / All) TEMPLAR_ROD: Haven't heard that one in a while
(40:32 / All) SHOGUN_JAKE: oj i dont know who they are
(40:32 / All) TEMPLAR_ROD: Are you downloading some scripts to "hack" us right now?
(40:40 / All) TEMPLAR_ROD: Make sure to use a gooey interface
(40:45 / All) SHOGUN_JAKE: oj i acknowledge you are my superior
(40:46 / All) TEMPLAR_ROD: code it in visual basic
(40:58 / All) TEMPLAR_ROD: Then you can get our IP address easier
(41:09 / Allies) SHOGUN_JAKE: can he really get our ips?
(41:16 / All) Dont_Be_A_F4G: AHHHHHHHH
(41:17 / Allies) TEMPLAR_ROD: Even if he did he couldn't do shit
(41:18 / All) Dont_Be_A_F4G: THE LAG HACKKKKKK
(41:20 / Allies) TEMPLAR_ROD: but he can't
(41:20 / All) Dont_Be_A_F4G: ITS TAKING OVERRRRR
(41:25 / All) Dont_Be_A_F4G: TOO MUCH POWERRRRRRRRRR
(41:26 / All) TEMPLAR_ROD: Sure doesn't seem like it
(41:32 / All) TEMPLAR_ROD: lol
(41:44 / All) TEMPLAR_ROD: It would have been funnier if he had an actual lag hack and he dropped out and no one else
(41:46 / All) SHOGUN_JAKE: mk vs cl battle rod?
(41:54 / All) TEMPLAR_ROD: Sure
(42:01 / All) Jaggta-Noga: lawl
(42:12 / All) TEMPLAR_ROD: Bash works on allies
(42:15 / All) TEMPLAR_ROD: which is OP
(42:15 / All) Jaggta-Noga: I leave you guys continue your game?
(42:23 / All) SHOGUN_JAKE: aint even close
(42:26 / All) SHOGUN_JAKE: now we're done
(42:29 / All) TEMPLAR_ROD: Bash really does it
(42:29 / All) Jaggta-Noga: kk
(42:30 / All) TEMPLAR_ROD: I think
(42:31 / All) SHOGUN_JAKE: new game?